 Dungeon Crawl Stone Soup version 0.22.0-49-gab54619674 (webtiles) character file.

28 JedernureinKreuz the Magician (level 3, 0/21 HPs)
             Began as an Octopode Wizard on Sept 7, 2018.
             Slain by a leopard gecko (3 damage)
             ... on level 2 of the Dungeon.
             The game lasted 00:04:54 (1145 turns).

JedernureinKreuz the Magician (Octopode Wizard)     Turns: 1145, Time: 00:04:55

Health: 0/21       AC:  1    Str:  6    XL:     3   Next: 14%
Magic:  2/7        EV: 13    Int: 21    God:
Gold:   109        SH:  0    Dex: 10    Spells: 4/8 levels left

rFire    . . .     SeeInvis .   d - +0 dagger
rCold    . . .     Gourm    .   (no shield)
rNeg     . . .     Faith    .   a - +0 hat
rPois    .         Spirit   .   (no amulet)
rElec    .         Reflect  .   (no ring)
rCorr    .         Harm     .   (no ring)
MR       .....                  (no ring)
Stlth    +++.......             (no ring)
HPRegen  0.07/turn              (no ring)
MPRegen  0.10/turn              (no ring)
                                (no ring)
                                (no ring)

@: lethally poisoned (0 -> -11), very slightly contaminated
A: almost no armour, stealthy swim, amphibious, 8 rings, constrict 8, camouflage
1, gelatinous body 1
a: no special abilities


You were on level 2 of the Dungeon.
You were not hungry.

You visited 1 branch of the dungeon, and saw 2 of its levels.

You collected 109 gold pieces.

Inventory:

Hand Weapons
 d - a +0 dagger (weapon)
 e - a +0 hunting sling
Armour
 a - a +0 hat (worn)
Scrolls
 b - a scroll of enchant armour {unknown}
 f - a scroll of remove curse {unknown}
Potions
 g - a potion of magic {unknown}
Comestibles
 c - a ration
 h - a chunk of flesh


   Skills:
 + Level 2.4 Dodging
 + Level 3.3 Stealth
 + Level 3.3 Spellcasting
 + Level 1.4 Conjurations
   Level 1.0 Summonings
   Level 1.0 Translocations


You had 4 spell levels left.
You knew the following spells:

 Your Spells              Type           Power        Failure   Level  Hunger
a - Magic Dart            Conj           #...         7%          1    None
b - Mephitic Cloud        Conj/Pois/Air  #.......     30%         3    ###....

Your spell library contained the following spells:

 Spells                   Type           Power        Failure   Level  Hunger
 Blink                    Tloc           N/A          13%         2    ##.....
 Call Imp                 Summ           #.......     13%         2    ##.....
 Slow                     Hex            #.......     19%         2    ##.....
 Conjure Flame            Conj/Fire      #.......     28%         3    ###....


Dungeon Overview and Level Annotations

Branches:
Dungeon (2/15)

Altars:


Innate Abilities, Weirdness & Mutations

You cannot wear most types of armour.
You are very stealthy in the water. (Stealth+)
You are amphibious.
You can wear up to eight rings at the same time.
You can use your tentacles to constrict eight enemies at once.
Your skin changes colour to match your surroundings (Stealth+).
Your rubbery body absorbs attacks. (AC +1, EV +1)


Message History

You feel sick. The adder bites you.
* * * LOW HITPOINT WARNING * * *
You are more poisoned.
The adder poisons you!
You completely miss the adder. Your grab misses the adder.
Your squeeze misses the adder.
The adder is severely wounded.
* * * LOW HITPOINT WARNING * * *
You feel sick. The adder completely misses you.
You hit the adder. Your grab misses the adder.
The adder is almost dead.
* * * LOW HITPOINT WARNING * * *
You feel sick. The adder barely misses you.
The leopard gecko bites you but does no damage.
You barely miss the adder. You grab the adder.
The adder is almost dead.
You constrict the adder.
* * * LOW HITPOINT WARNING * * *
You feel sick. The adder closely misses you. The leopard gecko bites you.
You die...

............... .....
......... .............
#..#........ #..........
.#######........
................
.#######Sl......
#@....... ...###
#.....>[. #....#
#........ #####....#
##..##....
#........######........#
#........#.............#
#..................###..
...................... .
............#######....


You could see an adder and a leopard gecko.

Vanquished Creatures
  2 dart slugs
  2 leopard geckos (D:1)
  4 bats
  2 giant cockroaches
  A goblin (D:1)
  4 hobgoblins
  3 kobolds
  A frilled lizard (D:2)
  2 rats (D:1)
21 creatures vanquished.

Notes
Turn   | Place    | Note
-------+----------+-------------------------------------------
     0 | D:1      | JedernureinKreuz the Octopode Wizard began the quest for
                  | the Orb.
     0 | D:1      | Reached XP level 1. HP: 11/11 MP: 4/4
   229 | D:1      | Reached XP level 2. HP: 15/17 MP: 0/6
   962 | D:2      | Reached XP level 3. HP: 13/21 MP: 1/7
  1122 | D:2      | Learned a level 3 spell: Mephitic Cloud
  1145 | D:2      | Slain by a leopard gecko

Skill      XL: |  1 |
---------------+----+-----
Stealth        | 3 |  3.3
Dodging        | |  2.4
Spellcasting   | |  3.3
Conjurations   | |  1.4
Summonings     | |  1.0
Translocations | |  1.0

Action                   || total
-------------------------++-------
Melee: Unarmed           ||    25
       Constrict         ||    10
       Tentacles         ||     6
       Dagger            ||    20
 Cast: Magic Dart        ||    47
  Eat: Chunk             ||     1
Armor: Skin              ||     8
Dodge: Dodged            ||    31
